 Dungeon Crawl Stone Soup version 0.30-a0-475-g03497ec522 (webtiles) character file.

Game seed: 2502539684746114433

2827 cforsyth the Nimble (level 9, -2/57 HPs)
             Began as a Merfolk Ice Elementalist on Dec 20, 2022.
             Was an Initiate of Nemelex Xobeh.
             Constricted to death by Maurice (8 damage)
             ... on level 8 of the Dungeon.
             The game lasted 00:26:26 (10955 turns).

cforsyth the Nimble (Merfolk Ice Elementalist)     Turns: 10955, Time: 00:26:27

Health: -2/57      AC:  4    Str:  9    XL:     9   Next: 73%
Magic:  4/18       EV: 14    Int: 18    God:    Nemelex Xobeh [......]
Gold:   319        SH:  5    Dex: 14    Spells: 12/20 levels left

rFire   . . .      SeeInvis +    (no weapon)
rCold   + . .      Faith    .    (no shield)
rNeg    . . .      Spirit   .    a - +0 robe
rPois   .          Reflect  +    s - +0 helmet
rElec   .          Harm     .    w - +0 cloak
rCorr   .          Rampage  .    (no gloves)
Will    .....                    (no boots)
Stlth   ++........               g - amulet of reflection
HPRegen 0.29/turn                l - ring of protection from cold
MPRegen 0.16/turn                e - ring of see invisible

@: grasped by roots, freezing walls, attractive, constricted
A: (nimble swimmer 2), mertail
a: Renounce Religion, Draw Escape, Draw Destruction, Draw Summoning


You were on level 8 of the Dungeon.
You worshipped Nemelex Xobeh.
Nemelex Xobeh was noncommittal.
You visited 2 branches of the dungeon, and saw 10 of its levels.

You collected 319 gold pieces.

Inventory:

Missiles
 o - 2 throwing nets
Armour
 a - a +0 robe (worn)
 n - a scarf of resistance
 s - a +0 helmet (worn)
 w - a +0 cloak (worn)
Jewellery
 e - a ring of see invisible (right hand)
 g - an amulet of reflection (around neck)
 i - an amulet of the acrobat
 l - a ring of protection from cold (left hand)
 m - a ring of positive energy
Wands
 B - a wand of mindburst (9)
 C - a wand of flame (24)
Scrolls
 c - 2 scrolls of enchant weapon
 d - a scroll of teleportation
 j - a scroll of vulnerability
 r - a scroll of fog
 u - a scroll of immolation {unknown}
 x - 3 scrolls of identify
 y - a scroll of poison {unknown}
 A - 3 scrolls of blinking {unknown}
Potions
 b - 2 potions of magic
 f - a potion of invisibility {unknown}
 h - 2 potions of might
 p - 4 potions of attraction
 q - 4 potions of curing {unknown}
 t - a potion of brilliance
 v - a potion of cancellation
 z - a potion of degeneration {unknown}
 D - a potion of lignification {unknown}
 E - a potion of flight {unknown}


   Skills:
 + Level 10.8 Dodging
 - Level 2.1 Stealth
 - Level 6.3 Spellcasting
 + Level 4.2 Summonings
 - Level 8.5 Ice Magic


You had 12 spell levels left.
You knew the following spells:

 Your Spells              Type           Power      Damage    Failure   Level
a - Freeze                Ice            100%       1d10      1%          1
b - Frozen Ramparts       Ice            72%        1d11      1%          3
c - Summon Ice Beast      Ice/Summ       28%        N/A       9%          4

Your spell library contained the following spells:

 Spells                   Type           Power      Damage    Failure   Level
 Ozocubu's Armour         Ice            36%        N/A       1%          3
 Beastly Appendage        Tmut           10%        N/A       12%         1
 Foxfire                  Conj/Fire      20%        2x1d5     12%         1
 Wereblood                Tmut           5%         N/A       17%         2
 Ignite Poison            Fire/Tmut/Pois 5%         N/A       34%         3
 Spider Form              Tmut/Pois      5%         N/A       34%         3
 Sticky Flame             Conj/Fire      5%         2d3       75%         4
 Fireball                 Conj/Fire      2%         3d4       97%         5
 Starburst                Conj/Fire      2%         6d3       100%        6
 Ignition                 Fire           2%         3d3       100%        8


Dungeon Overview and Level Annotations

Branches:
Dungeon (9/15)             Temple (1/1) D:7
   Lair: D:8-11         Orc: D:9-12

Altars:
Ashenzari
Cheibriados
Dithmenos
Elyvilon
Gozag
Hepliaklqana
Kikubaaqudgha
Makhleb
Nemelex Xobeh
Okawaru
Qazlal
Ru
Sif Muna
Uskayaw
Vehumet
Wu Jian
Xom
Yredelemnul
Zin
The Shining One

Shops:
D:2 (=:   D:4 [

Annotations:
D:8 Maurice


Innate Abilities, Weirdness & Mutations

((You are very nimble when in or above water. (Stealth+, EV+, Speed+++)))
Your lower body shifts to a powerful aquatic tail in water.


Message History

* * * LOW HITPOINT WARNING * * *
Unknown command.
Maurice completely resists.
The wall freezes Maurice but does no damage.
Maurice mumbles some strange words.
Maurice blinks!
The grasping roots constrict you.
* * * LOW HITPOINT WARNING * * *
The grasping roots release their grip on you.
Unknown command.
Maurice tries to hide in the shadows.
Maurice mumbles some strange words.
Maurice puts on a burst of speed!
Unknown command.
Maurice casts a spell.
Maurice blinks!
Your frozen ramparts will break if you move.
Continue?
You swap places.
The frozen ramparts melt away as you move.
Casting: Frozen Ramparts (safe; 1% risk of failure)
Confirm with . or Enter, or press ? or * to list all spells.
Casting: Frozen Ramparts (safe; 1% risk of failure)
Press: ? - help, Dir - look around, f - activate The walls around you are covered in ice.
Maurice is no longer unusually resistant.
The wall freezes Maurice.
Maurice drinks a potion.
Maurice suddenly seems more resistant.
Maurice resists.
The wall freezes Maurice.
Maurice casts a spell.
Maurice blinks!
Maurice zaps a wand.
The roots erupt in riotous growth!
The grasping roots grab you! Roots grab your ice beast.
The grasping roots constrict your ice beast.
The grasping roots constrict you!
* * * LOW HITPOINT WARNING * * *
It was a potion of attraction.
You feel attractive to monsters.
The grasping roots constrict your ice beast.
The grasping roots constrict you!
You die...
Your body disappears without a glow.

........##.##.###
#######.####...
#....#####.##...#
#............## #....#
#.####.###............#
#....# #.#
#...#............# #....#
#.# ###.#............#
#....# #.#
#.#....).......# #....
##.######..............#
........##.............##
......@.@Y...........#...
........#####.###.##.####
........# #.###.##.#
........# #..##.##.#
........# ##.##.##.#
........# #..#.##.#
........# #####.#.##.#
........# #.......##.#
........# #.......##.####


You could see Maurice (swift, resistant, invisible) and a friendly ice beast
(summoned, rooted).

Vanquished Creatures
  A water moccasin (D:6)
  A sky beast (D:7)
  3 orc warriors
  2 black bears (D:6)
  2 centaurs (D:8)
  2 ogres
  A kobold brigand (D:6)
  A bullfrog (D:6)
  2 necrophages
  3 scorpions
  9 killer bees (D:7)
  A howler monkey (D:6)
  4 hounds
  4 jellies
  An orc priest (D:7)
  An iguana (D:6)
  8 orc wizards
  8 adders
  2 shadow imps (D:7)
  A white imp (D:8)
  5 worms
  A dart slug (D:1)
  25 orcs
  9 ball pythons
  11 endoplasms
  3 giant cockroaches
  9 goblins
  2 hobgoblins
  6 jackals (D:3)
  4 bats
  3 frilled lizards
  14 kobolds
  4 rats
153 creatures vanquished.

Vanquished Creatures (collateral kills)
  An orc warrior (D:5)
  An ice beast (D:8)
  A phantom (D:7)
  A white imp (D:7)
4 creatures vanquished.

Grand Total: 157 creatures vanquished

Notes
Turn   | Place    | Note
-------+----------+-------------------------------------------
     0 | D:1      | cforsyth the Merfolk Ice Elementalist began the quest for
                  | the Orb.
     0 | D:1      | Reached XP level 1. HP: 13/13 MP: 3/3
   209 | D:1      | Reached skill level 3 in Dodging
   242 | D:1      | Reached XP level 2. HP: 19/19 MP: 3/5
  1022 | D:2      | Reached XP level 3. HP: 18/24 MP: 1/6
  1166 | D:2      | Found Yfoat's Weapon Shoppe.
  1217 | D:2      | Found Neyno's Jewellery Shoppe.
  1681 | D:2      | Found Vuwar's Book Shop.
  2171 | D:3      | Reached XP level 4. HP: 30/30 MP: 4/8
  2313 | D:3      | Learned a level 3 spell: Frozen Ramparts
  2379 | D:3      | Reached skill level 5 in Ice Magic
  2418 | D:3      | Reached skill level 4 in Dodging
  2812 | D:3      | Reached XP level 5. HP: 28/35 MP: 1/9
  3865 | D:4      | Found Olaneofad's Antique Armour Shop.
  3901 | D:4      | Reached skill level 5 in Dodging
  3901 | D:4      | Reached XP level 6. HP: 39/41 MP: 1/11
  4428 | D:5      | Entered Level 5 of the Dungeon
  4644 | D:5      | Learned a level 4 spell: Summon Ice Beast
  4764 | D:5      | Reached skill level 6 in Dodging
  4764 | D:5      | Reached XP level 7. HP: 46/46 MP: 1/13
  6383 | D:6      | Reached skill level 7 in Dodging
  6854 | D:6      | Reached skill level 5 in Spellcasting
  6854 | D:6      | Reached XP level 8. HP: 52/52 MP: 9/15
  7402 | D:6      | Reached skill level 8 in Dodging
  8233 | D:7      | Reached XP level 9. HP: 48/57 MP: 9/18
  8237 | D:7      | Reached skill level 9 in Dodging
  8352 | D:7      | Found a staircase to the Ecumenical Temple.
  8365 | Temple   | Entered the Ecumenical Temple
  8365 | Temple   | Found a transporter.
  8365 | Temple   | Found a transporter.
  8367 | Temple   | Found a transporter.
  8367 | Temple   | Found a transporter.
  8395 | Temple   | Became a worshipper of Ru the Awakened
  8595 | D:7      | Reached skill level 1 in Summonings
  9243 | D:7      | Reached skill level 10 in Dodging
  9367 | Temple   | Fell from the grace of Ru
  9367 | Temple   | Became a worshipper of Nemelex Xobeh the Trickster
  9684 | D:8      | Found an iron altar of Okawaru.
 10913 | D:8      | Noticed Maurice
 10955 | D:8      | Constricted to death by Maurice

Illustrated notes

Levels and vault maps discovered:
D:1:      dpeg_arrival_lava_temple_mockup, layout_loops_ring,
          chequers_mini_garden
D:2:      layout_loops_ring, serial_shops, nicolae_shop_bloodbath_and_beyond,
          nicolae_shop_statue_plus, nicolae_shop_crystal
D:3:      layout_basic
D:4:      wander_river, layout_cave_pools, serial_column_ruins,
          column_ruins_hut, column_ruins_circle_medium, column_ruins_open_tiny,
          column_ruins_open_tiny, column_ruins_corridor_straight,
          column_ruins_grid_1, column_ruins_grid_1, column_ruins_open_medium,
          serial_shops, nicolae_shop_advertising_works
          [nicolae_subvault_shop_adworks]
D:5:      layout_loops_ring, minmay_hedge_maze, minmay_small_thing
D:6:      layout_basic
D:7:      layout_cave_pools, minmay_temple_entry_crystal_x, st_stairs_4
D:8:      layout_basic, okawaru_metal_pillars_3, uniq_maurice
D:9:      layout_rooms, uniq_pikel
Temple:   hellmonk_temple_divided_pantheon

Skill      XL: |  1  2  3  4  5  6  7  8  9 |
---------------+----------------------------+-----
Dodging        | 3 4 5 6 7 8 10 | 10.8
Ice Magic      | 5 6 7 8 |  8.5
Spellcasting   | 3 4 5 6 |  6.3
Summonings     | 4 |  4.2
Stealth        | |  2.1

Action                   |  1- 3 |  4- 6 |  7- 9 || total
-------------------------+-------+-------+-------++-------
Melee: Unarmed           |    23 |    10 |    16 ||    49
       Punch             |       |       |     2 ||     2
 Cast: Freeze            |    62 |    59 |   138 ||   259
       Frozen Ramparts   |       |    16 |    41 ||    57
       Summon Ice Beast  |       |       |     5 ||     5
  Use: Scroll            |       |     7 |       ||     7
       Potion            |       |       |     1 ||     1
 Stab: Sleeping          |     1 |       |       ||     1
Armor: Robe              |     9 |    11 |    17 ||    37
Dodge: Dodged            |    34 |    27 |    92 ||   153
Block: Other             |    21 |     9 |    37 ||    67
       Reflection        |     1 |     1 |     9 ||    11

Table legend: (Time is in decaauts)
 A = Elapsed time spent in this place.
 B = Non-inter-level travel time spent in this place.
 C = Inter-level travel time spent in this place.
 D = Time resting spent in this place.
 E = Time spent auto-exploring this place.
 F = Levels seen in this place.
 G = Mean time per level.
                   A        B        C        D        E       F      G
               +--------+--------+--------+--------+--------+-----+--------+
         Total |  10948 |  10706 |    242 |   3698 |   5365 |  10 | 1094.8 |
       Dungeon |  10824 |  10608 |    216 |   3698 |   5359 |   9 | 1202.7 |
        Temple |    124 |     98 |     26 |      0 |      6 |   1 |  124.0 |
               +--------+--------+--------+--------+--------+-----+--------+

Top non-repeatable levels by time:
     D:3: 1581 daAuts
     D:6: 1558 daAuts
     D:7: 1397 daAuts
     D:5: 1368 daAuts
     D:4: 1329 daAuts
     D:2: 1266 daAuts
     D:1: 818 daAuts
     D:8: 774 daAuts
     D:9: 728 daAuts
  Temple: 124 daAuts
